[Event "Late-Titled-Tuesday-Blitz-February-13-2024"]
[Site "Chess.com"]
[Date "2024.02.13"]
[Round "3"]
[White "maxip32"]
[Black "Road2GM3000"]
[Result "1-0"]
[WhiteElo "2661"]
[BlackElo "2468"]
[TimeControl "180+1"]
[EndTime "14:24:29 PST"]
[Termination "maxip32 won by resignation"]

1. e4 c5 2. Nf3 d6 3. d4 cxd4 4. Nxd4 Nf6 5. Nc3 a6 6. Be2 e6 7.
a4 Be7 8. a5 O-O 9. Be3 Nc6 10. O-O Bd7 11. Nb3 Ne5 12. f4 Ng6 13.
Bf3 Bc6 14. Nd4 Qc7 15. Nxc6 bxc6 16. g3 Rab8 17. b3 Nd7 18. Qd3 Rfd8 19. Qxa6 Bf6 20. Qd3 Ra8 21. a6 c5 22. Ra2 Ra7 23. Nb5 Qb6 24.
Nxd6 Nb8 25. e5 Bxe5 26. fxe5 Nxe5 27. Qc3 Qxd6 28. Bxc5 Rc7 29. Bxd6 Rxc3 30. Bxe5 1-0

[Event "Late-Titled-Tuesday-Blitz-February-13-2024"]
[Site "Chess.com"]
[Date "2024.02.13"]
[Round "3"]
[White "rikchessmx"]
[Black "lupta_robin"]
[Result "0-1"]
[WhiteElo "2302"]
[BlackElo "2557"]
[TimeControl "180+1"]
[EndTime "14:24:39 PST"]
[Termination "lupta_robin won by resignation"]

1. e4 Nc6 2. Nc3 e5 3. Bc4 Bc5 4. d3 Nf6 5. Nf3 d6 6. Bg5 h6 7. Bxf6 Qxf6 8. Nd5 Qd8 9. c3 a6 10. b4 Ba7 11. h3 Be6 12. O-O O-O 13. a4 Ne7 14. Qb3 c6 15. Nxe7+ Qxe7 16. Bxe6 Qxe6 17.
Qc2 f5 18. exf5 Rxf5 19. Nh2 Raf8 20. Rae1 Rxf2 21. Rxf2 Rxf2 22. Qxf2 Bxf2+ 23. Kxf2 Qa2+ 24. Re2 Qxa4 25. Ng4 Qb3 26. c4 Qxb4 27. Ne3 Qc3 28. Nf5 Qxd3 29. g4 Qxc4 30. Re3 d5 31. Rxe5 Qf4+ 0-1

[Event "Late-Titled-Tuesday-Blitz-February-13-2024"]
[Site "Chess.com"]
[Date "2024.02.13"]
[Round "3"]
[White "IraZyne"]
[Black "Canal_Showdrez"]
[Result "1-0"]
[WhiteElo "2339"]
[BlackElo "2069"]
[TimeControl "180+1"]
[EndTime "14:24:48 PST"]
[Termination "IraZyne won by resignation"]

1. e4 c5 2. Nc3 Nc6 3. g3 d6 4. Bg2 e5 5. Nh3 Be6 6. d3 Be7 7.
O-O h5 8. f3 Qd7 9. Nf2 h4 10.
g4 g6 11. h3 O-O-O 12. f4 exf4 13. Bxf4 f5 14. exf5 gxf5 15. g5 Ne5 16. Nd5 Bxd5 17. Bxd5 Ng6 18. Qd2 Nxf4 19. Qxf4 Rh5 20. Rae1 Rxg5+ 21.
Kh1 Rg3 22. Be6 Kc7 23. Bxd7 Rxd7 24. Qxf5 Nh6 25. Qe6 Bf8 26. Ne4 Rg8 27. Rf6 1-0

[Event "Late-Titled-Tuesday-Blitz-February-13-2024"]
[Site "Chess.com"]
[Date "2024.02.13"]
[Round "3"]
[White "Tolya2"]
[Black "FontVella8"]
[Result "0-1"]
[WhiteElo "2502"]
[BlackElo "2714"]
[TimeControl "180+1"]
[EndTime "14:25:00 PST"]
[Termination "FontVella8 won by resignation"]

1. Nf3 g6 2. d4 Bg7 3. g3 c5 4. c4 cxd4 5. Nxd4 Nc6 6. Nb3 d6 7.
Bg2 Nf6 8. Nc3 O-O 9. O-O Be6 10. c5 Qd7 11. cxd6 exd6 12. Bf4 Rfd8 13. Qd2 Bh3 14.
Rfd1 Bxg2 15. Kxg2 Ne7 16. Qxd6 Qe8 17. Qc5 b6 18.
Qb5 Nc6 19. Rxd8 Rxd8 20. Rd1 Rxd1 21. Nxd1 Nh5 22. Be3 Qe6 23. Qd3 Nf6 24. Nc3 h5 25.
Nd4 Nxd4 26. Bxd4 Qc6+ 27. f3 h4 28. gxh4 Nh5 29. Bxg7 Nf4+ 30. Kg3 Nxd3 0-1

[Event "Late-Titled-Tuesday-Blitz-February-13-2024"]
[Site "Chess.com"]
[Date "2024.02.13"]
[Round "3"]
[White "MetiForce"]
[Black "colegiodemadrid"]
[Result "1-0"]
[WhiteElo "2863"]
[BlackElo "2568"]
[TimeControl "180+1"]
[EndTime "14:25:01 PST"]
[Termination "MetiForce won by resignation"]

1. d4 Nf6 2. c4 c6 3. Nf3 d5 4.
e3 a6 5. Nbd2 Bf5 6. Be2 h6 7.
O-O e6 8. Ne5 Nbd7 9. f4 Be7 10.
c5 Nxe5 11. fxe5 Nd7 12. Bg4 Bg6 13. Bh5 Bxh5 14. Qxh5 O-O 15. e4 b6 16. exd5 cxd5 17.
cxb6 Qxb6 18. Nf3 Rfc8 19. Kh1 Bf8 20. Ng5 g6 21. Qf3 f5 22. exf6 hxg5 23. f7+ Kg7 24.
Bxg5 Qxd4 25. Qh3 1-0

[Event "Late-Titled-Tuesday-Blitz-February-13-2024"]
[Site "Chess.com"]
[Date "2024.02.13"]
[Round "3"]
[White "Sanyura"]
[Black "DonJuan_34"]
[Result "0-1"]
[WhiteElo "2647"]
[BlackElo "2484"]
[TimeControl "180+1"]
[EndTime "14:25:06 PST"]
[Termination "DonJuan_34 won by resignation"]

1. Nf3 Nf6 2. g3 g6 3. Bg2 Bg7 4. O-O O-O 5. d3 d6 6. Nbd2 Nbd7 7. e4 e5 8. Nh4 c6 9. f4 exf4 10. gxf4 Nxe4 11. Nxe4 Qxh4 12. Nxd6 Nf6 13. Nxc8 Raxc8 14. f5 Rce8 15. Bf4 Nd5 16. Bg3 Qd8 17. c3 Ne3 18. Qd2 Nxf1 19. Rxf1 gxf5 20. Rxf5 Re6 21. Be4 Rxe4 0-1

[Event "Late-Titled-Tuesday-Blitz-February-13-2024"]
[Site "Chess.com"]
[Date "2024.02.13"]
[Round "3"]
[White "PolandHussars"]
[Black "vladoboch"]
[Result "1-0"]
[WhiteElo "2615"]
[BlackElo "2419"]
[TimeControl "180+1"]
[EndTime "14:25:15 PST"]
[Termination "PolandHussars won on time"]

1. e4 e5 2. Nc3 Nc6 3. g3 Bc5 4. Bg2 d6 5. Nge2 Nf6 6. O-O O-O 7. h3 Be6 8. Na4 Bb6 9. Nxb6 axb6 10. d4 exd4 11.
Nxd4 Nxd4 12. Qxd4 Re8 13. f4 Qd7 14. f5 Ra4 15. fxe6 Rxe6 16. c4 b5 17. b3 Ra8 18.
Bb2 bxc4 19. Qxc4 Rae8 20. Bxf6 1-0

[Event "Late-Titled-Tuesday-Blitz-February-13-2024"]
[Site "Chess.com"]
[Date "2024.02.13"]
[Round "3"]
[White "djano"]
[Black "Jamal-Jamal-Jamal"]
[Result "1-0"]
[WhiteElo "2665"]
[BlackElo "2265"]
[TimeControl "180+1"]
[EndTime "14:25:20 PST"]
[Termination "djano won by resignation"]

1. e4 e6 2. b3 d5 3. Bb2 dxe4 4. Nc3 Nf6 5. Qe2 Be7 6. O-O-O O-O 7. Nxe4 Nbd7 8.
Nf3 Nxe4 9. Qxe4 Nf6 10. Qf4 a5 11. a4 Nd5 12. Qg3 Bf6 13. Ne5 c6 14. h4 Ne7 15. Bd3 Nf5 16. Qf4 Bd7 17. g4 Nxh4 18.
Nxd7 Bg5 19. Qe4 Ng6 20. Nxf8 Qxf8 21. Rh5 b5 22. Rxg5 bxa4 1-0

[Event "Late-Titled-Tuesday-Blitz-February-13-2024"]
[Site "Chess.com"]
[Date "2024.02.13"]
[Round "3"]
[White "ritanovikova"]
[Black "Artemiki"]
[Result "0-1"]
[WhiteElo "2217"]
[BlackElo "2437"]
[TimeControl "180+1"]
[EndTime "14:25:24 PST"]
[Termination "Artemiki won by resignation"]

1. e4 c5 2. Nc3 Nc6 3. d3 g6 4. g3 Bg7 5. Be3 d6 6. Qd2 e6 7.
Bg2 Nge7 8. Bh6 Bf6 9. h4 Rb8 10. h5 b5 11. hxg6 hxg6 12. Bg5 Rxh1 13. Bxh1 Bg7 14. Bh6 Bh8 15. Qg5 Qa5 16. Qh4 Bxc3+ 17.
bxc3 Qxc3+ 18. Ke2 Qxa1 19. Be3 Qxg1 20. Bf3 Nd4+ 21. Bxd4 cxd4 22. Qh8+ Kd7 23. Qxd4 Bb7 24. Qxa7 Nc6 25. Qb6 Qc1 26. e5 Qxc2+ 27. Ke1 Qc1+ 28. Ke2 Nd4+ 0-1

[Event "Late-Titled-Tuesday-Blitz-February-13-2024"]
[Site "Chess.com"]
[Date "2024.02.13"]
[Round "3"]
[White "HandKnit"]
[Black "szefru"]
[Result "1-0"]
[WhiteElo "2511"]
[BlackElo "2250"]
[TimeControl "180+1"]
[EndTime "14:25:31 PST"]
[Termination "HandKnit won by resignation"]

1. c4 Nf6 2. Nf3 g6 3. g3 Bg7 4.
Bg2 O-O 5. O-O c6 6. Qc2 d5 7. b3 Bf5 8. d3 dxc4 9. bxc4 Qd7 10. Rd1 Na6 11. Bb2 Bh3 12. Bh1 Ng4 13. Bxg7 Kxg7 14.
Nbd2 Rad8 15. Ng5 Nf6 16. Nxh3 Qxh3 17. Bg2 Qh5 18. Nf3 e5 19. Qb2 e4 20. dxe4 Nc5 21.
e5 Rxd1+ 22. Rxd1 Ng4 23. h3 Nh6 24. g4 Nxg4 25. hxg4 Qxg4 26. e6+ Kg8 27. e7 Re8 28.
Rd8 1-0

[Event "Late-Titled-Tuesday-Blitz-February-13-2024"]
[Site "Chess.com"]
[Date "2024.02.13"]
[Round "3"]
[White "klimkoj"]
[Black "Yurovskykh_Oleksandr"]
[Result "1-0"]
[WhiteElo "2924"]
[BlackElo "2690"]
[TimeControl "180+1"]
[EndTime "14:25:40 PST"]
[Termination "klimkoj won by checkmate"]

1. c4 c6 2. Nf3 d5 3. e3 Nf6 4.
Nc3 e6 5. b3 Bd6 6. Bb2 O-O 7.
d4 Nbd7 8. Be2 b6 9. O-O Bb7 10. Qc2 Rc8 11. e4 dxe4 12. Nxe4 Nxe4 13. Qxe4 Qc7 14. Bd3 g6 15. Qh4 Rfe8 16. Ng5 Nf8 17. Rfe1 c5 18. dxc5 Qxc5 19. Be4 Qc7 20. Bxb7 Qxb7 21.
Ne4 Be7 22. Nf6+ Bxf6 23. Qxf6 e5 24. Rxe5 Rc6 25. Re6 Rcxe6 26. Qh8# 1-0

[Event "Late-Titled-Tuesday-Blitz-February-13-2024"]
[Site "Chess.com"]
[Date "2024.02.13"]
[Round "3"]
[White "carlsenCamacho"]
[Black "azikom"]
[Result "0-1"]
[WhiteElo "2275"]
[BlackElo "2704"]
[TimeControl "180+1"]
[EndTime "14:25:40 PST"]
[Termination "azikom won by resignation"]

1. e4 Nf6 2. Nc3 d5 3. exd5 Nxd5 4. Bc4 Nb6 5. Bb3 Nc6 6. Nf3 Bf5 7. d4 e6 8. O-O Na5 9. Re1 Nxb3 10. axb3 Be7 11. Ne5 O-O 12. g4 Bg6 13. Bf4 a6 14. Bg3 c5 15. dxc5 Bxc5 16. h4 Qxd1 17. Rexd1 Bxc2 18. Rd2 Bxb3 19. Nd7 Nxd7 20. Rxd7 b5 21. Ne4 Bb4 22. Bd6 Bxd6 23. Rxd6 a5 24. Rb6 b4 25.
Nc5 Bd5 26. Nd3 Rfd8 27. g5 h6 28. Kh2 hxg5 29. hxg5 Be4 30. Ne5 Rd2 31. Rxb4 axb4 0-1

[Event "Late-Titled-Tuesday-Blitz-February-13-2024"]
[Site "Chess.com"]
[Date "2024.02.13"]
[Round "3"]
[White "fks_stal_mielec"]
[Black "katharinareinecke"]
[Result "1/2-1/2"]
[WhiteElo "2281"]
[BlackElo "1962"]
[TimeControl "180+1"]
[EndTime "14:25:42 PST"]
[Termination "Game drawn by agreement"]

1. e4 c6 2. d4 d5 3. e5 Bf5 4.
Nf3 e6 5. Bd3 Bxd3 6. Qxd3 Qa5+ 7.
c3 Qa6 8. Qxa6 Nxa6 9. O-O Ne7 10. Nbd2 Nf5 11. Nb3 Be7 12. Na5 Rb8 13. a3 Kd7 14.
Be3 b6 15. Nb3 f6 16. Nbd2 Nxe3 17. fxe3 c5 18. Rae1 f5 19. Rc1 c4 20. g3 Nc7 21.
Kg2 g5 22. h3 h5 23. Nh2 Rbg8 24. e4 fxe4 25. Rf7 Rf8 26. Rcf1 Rxf7 27. Rxf7 Rf8 28. Rxf8 Bxf8 29. Nhf1 Ne8 30. Ne3 Ng7 31. Ndf1 Be7 32. g4 h4 33. Nd2 a6 1/2-1/2

[Event "Late-Titled-Tuesday-Blitz-February-13-2024"]
[Site "Chess.com"]
[Date "2024.02.13"]
[Round "3"]
[White "Pelopidass"]
[Black "NitaLucian"]
[Result "1-0"]
[WhiteElo "2569"]
[BlackElo "2349"]
[TimeControl "180+1"]
[EndTime "14:25:43 PST"]
[Termination "Pelopidass won by resignation"]

1. d4 d6 2. Nf3 Nf6 3. g3 Nbd7 4. Bg2 e5 5. dxe5 dxe5 6. O-O Bc5 7. c3 O-O 8. b4 Be7 9. a4 a5 10. b5 Bc5 11.
Qc2 Qe7 12. Nh4 Nb6 13. Nd2 Rb8 14. Nb3 Nc4 15. Qd3 Be6 16. Nf5 Bxf5 17. Qxc4 Bb6 18. Ba3 Qe6 19. Qxe6 Bxe6 20. Bxf8 Kxf8 21. Nd2 Ke7 22.
Nf3 Nd7 23. Ng5 Bc4 24. Rfd1 h6 25. Ne4 Bxe2 26. Rd2 Bc4 27. Bh3 Nc5 28. Nxc5 Bxc5 29. Rd7+ Kf6 30. Rxc7 b6 31. Rc6+ Kg5 32. Bg2 f6 33. Rd1 Rb7 34. Be4 h5 35. h4+ Kh6 36. Rxc5 1-0

[Event "Late-Titled-Tuesday-Blitz-February-13-2024"]
[Site "Chess.com"]
[Date "2024.02.13"]
[Round "3"]
[White "YurasovMat-2012"]
[Black "bocah_sakit"]
[Result "1-0"]
[WhiteElo "2658"]
[BlackElo "2461"]
[TimeControl "180+1"]
[EndTime "14:25:45 PST"]
[Termination "YurasovMat-2012 won by resignation"]

1. e4 c5 2. Nf3 Nc6 3. Bb5 e6 4. O-O Nge7 5. Re1 a6 6. Bf1 d5 7. exd5 Nxd5 8. d4 Nf6 9. Be3 cxd4 10. Nxd4 Qc7 11. Nc3 Bd7 12. Bg5 Bc5 13. Bxf6 gxf6 14. Nd5 Qd8 15. Nf5 Kf8 16. Nh6 Ne5 17. Rxe5 fxe5 18.
Qh5 Be8 19. Qxe5 Rg8 20. Nf6 Rg6 21. Nxh7+ Ke7 22. Nf5+ Kd7 23. Qxc5 1-0

[Event "Late-Titled-Tuesday-Blitz-February-13-2024"]
[Site "Chess.com"]
[Date "2024.02.13"]
[Round "3"]
[White "Fandorine"]
[Black "ukchessbomber"]
[Result "1-0"]
[WhiteElo "2954"]
[BlackElo "2597"]
[TimeControl "180+1"]
[EndTime "14:25:46 PST"]
[Termination "Fandorine won by resignation"]

1. d4 b6 2. e4 Bb7 3. Bd3 e6 4. Nf3 d6 5. c4 Nd7 6. Nc3 g6 7. O-O Bg7 8. Re1 Ne7 9. h4 h6 10. Be3 O-O 11. Qd2 Kh7 12. Rad1 e5 13. d5 f5 14.
exf5 gxf5 15. g4 e4 16. Nxe4 fxe4 17. Bxe4+ Kh8 18. Bxh6 Ng8 19. Bxg7+ Kxg7 20. Ng5 Kh8 21. Bf5 Ne5 22. f4 Qxg5 23. hxg5 Nf3+ 24. Kf2 Nxd2 25. Rh1+ 1-0

[Event "Late-Titled-Tuesday-Blitz-February-13-2024"]
[Site "Chess.com"]
[Date "2024.02.13"]
[Round "3"]
[White "Flawless_Fighter"]
[Black "VitorBronson"]
[Result "1-0"]
[WhiteElo "2738"]
[BlackElo "2505"]
[TimeControl "180+1"]
[EndTime "14:25:53 PST"]
[Termination "Flawless_Fighter won by resignation"]

1. e4 c5 2. Nf3 d6 3. Bb5+ Nd7 4. O-O a6 5. Bd3 Ngf6 6. Re1 e6 7. Bf1 b6 8. c4 Bb7 9. Nc3 Be7 10. d4 cxd4 11. Nxd4 O-O 12. f3 Qc7 13. Be3 Rfe8 14. Rc1 Rac8 15. b3 Qb8 16. Bf2 Qa8 17. a4 Bd8 18. Qd2 Bc7 19. Bg3 Nh5 20. Bf2 Nhf6 21. Kh1 d5 22. exd5 exd5 23. Nf5 Ne5 24. cxd5 Nxd5 25.
Nxd5 Bxd5 26. Qg5 1-0

[Event "Late-Titled-Tuesday-Blitz-February-13-2024"]
[Site "Chess.com"]
[Date "2024.02.13"]
[Round "3"]
[White "a-z30"]
[Black "boguszp"]
[Result "1-0"]
[WhiteElo "2308"]
[BlackElo "2006"]
[TimeControl "180+1"]
[EndTime "14:25:55 PST"]
[Termination "a-z30 won by checkmate"]

1. d3 d5 2. Nf3 Nf6 3. g3 Bf5 4. Bg2 e6 5. O-O h6 6. c4 c6 7. cxd5 exd5 8. Nc3 Bd6 9. e4 Be6 10. e5 O-O 11. exd6 Qxd6 12. Bf4 Qb4 13. Qb3 Qxb3 14.
axb3 Bf5 15. d4 Nbd7 16. Ne5 Bc2 17. Nxd7 Nxd7 18. b4 a6 19. Na4 Rfe8 20. Bf3 Re6 21. Nc5 Nxc5 22. bxc5 Rae8 23. Be3 f5 24. Rfe1 g5 25.
Bd2 Kg7 26. Rxe6 Rxe6 27. Re1 Rxe1+ 28. Bxe1 Kf6 29. Be2 f4 30. f3 h5 31. Kf2 Kf5 32.
Bf1 g4 33. Bd2 Bb1 34. Bxf4 gxf3 35. Bh3+ Ke4 36. Be5 a5 37. Bc8 Bd3 38. Bxb7 Bb5 39.
h3 a4 40. g4 hxg4 41. hxg4 Kd3 42. g5 Kc2 43. g6 Bd3 44. g7 Bh7 45. Bxc6 Kxb2 46. Bxd5 a3 47. g8=Q Bxg8 48. Bxg8 a2 49. Bxa2 Kxa2 50. c6 Kb3 51. c7 Kc4 52. c8=Q+ Kd5 53.
Qd7+ Ke4 54. Qc6+ Kd3 55. d5 Ke4 56. d6+ Kxe5 57. d7 Kf5 58. d8=Q Kg4 59. Qe4+ Kh3 60.
Qdh4# 1-0

[Event "Late-Titled-Tuesday-Blitz-February-13-2024"]
[Site "Chess.com"]
[Date "2024.02.13"]
[Round "3"]
[White "Nouali_Mohamed"]
[Black "hristos03"]
[Result "1-0"]
[WhiteElo "2574"]
[BlackElo "2381"]
[TimeControl "180+1"]
[EndTime "14:26:02 PST"]
[Termination "Nouali_Mohamed won by resignation"]

1. e4 c5 2. Nf3 d6 3. d4 cxd4 4.
Nxd4 Nf6 5. Nc3 a6 6. Bc4 e6 7.
Bb3 Be7 8. g4 h6 9. Rg1 Nc6 10.
Be3 Na5 11. h4 Nxb3 12. axb3 Nd7 13. g5 hxg5 14. hxg5 g6 15. Qe2 Qc7 16. f4 b6 17.
f5 Ne5 18. O-O-O Bd7 19. f6 Bf8 20. Rh1 Rxh1 21. Rxh1 O-O-O 22. Qxa6+ Kb8 23. Ndb5 Qb7 24. Qxb6 Qxb6 25. Bxb6 Rc8 26. Rh8 Bc6 27. Bc7+ Kb7 28. Bxd6 1-0

[Event "Late-Titled-Tuesday-Blitz-February-13-2024"]
[Site "Chess.com"]
[Date "2024.02.13"]
[Round "3"]
[White "C_K_G"]
[Black "ural58"]
[Result "1-0"]
[WhiteElo "2157"]
[BlackElo "2518"]
[TimeControl "180+1"]
[EndTime "14:26:05 PST"]
[Termination "C_K_G won by resignation"]

1. e4 d5 2. Nf3 dxe4 3. Ng5 e5 4. d3 Nf6 5. Nc3 Bb4 6. Bd2 exd3 7. Bxd3 h6 8. Nge4 Nxe4 9. Nxe4 Bxd2+ 10. Qxd2 Nc6 11. O-O O-O 12. Qc3 Bf5 13. Rad1 Qe7 14. Nc5 Bxd3 15. Rxd3 Nd4 16. Re1 Qg5 17. Nxb7 Rae8 18. Nc5 Re7 19. Rg3 Qg6 20. Rxg6 1-0

[Event "Late-Titled-Tuesday-Blitz-February-13-2024"]
[Site "Chess.com"]
[Date "2024.02.13"]
[Round "3"]
[White "andrzej"]
[Black "Beca95"]
[Result "0-1"]
[WhiteElo "2518"]
[BlackElo "2890"]
[TimeControl "180+1"]
[EndTime "14:26:07 PST"]
[Termination "Beca95 won by checkmate"]

1. e4 d5 2. exd5 Qxd5 3. Nc3 Qa5 4. d4 Nf6 5. Nf3 Bf5 6. Bd2 e6 7. Ne5 c6 8. g4 Bg6 9. h4 Qb6 10. Qe2 Bb4 11. O-O-O Bxc3 12. Bxc3 Be4 13. Rg1 Bd5 14. Kb1 Nbd7 15. g5 Ne4 16. Be1 Nxe5 17. dxe5 Nc5 18. Ka1 O-O-O 19. f3 Bc4 20. Rd3 Nxd3 21. cxd3 Qxg1 22.
dxc4 Qxf1 23. Qxf1 Rd1# 0-1

[Event "Late-Titled-Tuesday-Blitz-February-13-2024"]
[Site "Chess.com"]
[Date "2024.02.13"]
[Round "3"]
[White "ahmedkandiliii"]
[Black "baki83"]
[Result "0-1"]
[WhiteElo "2553"]
[BlackElo "2860"]
[TimeControl "180+1"]
[EndTime "14:26:08 PST"]
[Termination "baki83 won by resignation"]

1. e4 c5 2. Nf3 d6 3. Bb5+ Bd7 4. Bd3 Nc6 5. c3 Nf6 6. Bc2 c4 7. O-O Rc8 8. Na3 Ne5 9. Nxe5 dxe5 10. Qe2 b5 11. d3 Qc7 12. f4 exf4 13. Bxf4 e5 14. Bg5 Be7 15. Rad1 Bg4 16. Qd2 Bxd1 17. Bxd1 Rd8 18. Bxf6 Bxf6 19. d4 exd4 20. Nxb5 Qb6 21. Nxd4 Bxd4+ 22. cxd4 Rxd4 23. Qf2 Rxe4 24. Bf3 Qxf2+ 25. Kxf2 Rd4 26. Rc1 Ke7 27. b3 cxb3 28. axb3 Rhd8 29. Rc7+ R8d7 30. Rc5 Rd2+ 31. Kg3 R2d3 32.
Rb5 g6 33. Kf2 f5 34. Kg3 Kf6 35. h4 h6 36. Ra5 Rxb3 37. Ra6+ Rb6 38. Ra4 g5 39.
hxg5+ hxg5 40. Rc4 Re7 41. Rc8 g4 42. Be2 Rb3+ 0-1

[Event "Late-Titled-Tuesday-Blitz-February-13-2024"]
[Site "Chess.com"]
[Date "2024.02.13"]
[Round "3"]
[White "Perecke"]
[Black "Polish_fighter3000"]
[Result "0-1"]
[WhiteElo "2527"]
[BlackElo "3065"]
[TimeControl "180+1"]
[EndTime "14:26:08 PST"]
[Termination "Polish_fighter3000 won by resignation"]

1. e4 e5 2. Nf3 Nc6 3. Bb5 a6 4. Ba4 Nf6 5. O-O b5 6. Bb3 Bc5 7. c3 d6 8. d4 Bb6 9. a4 Bg4 10. Be3 O-O 11. Na3 Qe8 12. axb5 exd4 13. cxd4 axb5 14.
Rc1 Na5 15. Bc2 b4 16. Ba4 Qxe4 17. Nb5 Bxf3 18. gxf3 Qe7 19. Bg5 c6 20. Re1 Qd8 0-1

[Event "Late-Titled-Tuesday-Blitz-February-13-2024"]
[Site "Chess.com"]
[Date "2024.02.13"]
[Round "3"]
[White "norwaytoadog"]
[Black "Abduzhaparov"]
[Result "0-1"]
[WhiteElo "2200"]
[BlackElo "2400"]
[TimeControl "180+1"]
[EndTime "14:26:08 PST"]
[Termination "Abduzhaparov won on time"]

1. e4 d6 2. d4 Nf6 3. Nc3 e5 4. Nf3 Nbd7 5. Rg1 g6 6. g4 Bg7 7. h4 c6 8. g5 Nh5 9. Be3 O-O 10. Bc4 b5 11. Bb3 a5 12. a4 b4 13. Ne2 Ba6 14. Ng3 Nf4 15. Qd2 Qe7 16. Bxf4 exf4 17. Qxf4 c5 18.
Bd5 Rac8 19. O-O-O cxd4 20. Nxd4 Nc5 21. Kb1 Nxa4 22. Ngf5 gxf5 23. Nxf5 Qe5 24. Qxe5 Bxe5 25. h5 Nxb2 26. g6 Nxd1 27. gxf7+ Kh8 28. Ne7 Nc3+ 29. Kc1 Ne2+ 30. Kd2 Nxg1 31. Nxc8 Bxc8 0-1

[Event "Late-Titled-Tuesday-Blitz-February-13-2024"]
[Site "Chess.com"]
[Date "2024.02.13"]
[Round "3"]
[White "Doublekk14"]
[Black "Alina_Gumerovna"]
[Result "1-0"]
[WhiteElo "2332"]
[BlackElo "2060"]
[TimeControl "180+1"]
[EndTime "14:26:11 PST"]
[Termination "Doublekk14 won on time"]

1. c4 Nf6 2. Nc3 g6 3. e3 Bg7 4. Nf3 O-O 5. d4 d6 6. Be2 Nc6 7. O-O e5 8. Qc2 Bf5 9. e4 Bd7 10. dxe5 dxe5 11. Rd1 Qe7 12. Bg5 Nb4 13. Qb3 Rfd8 14.
a3 Nc6 15. Nd5 Nxd5 16. Bxe7 Ndxe7 17. Qxb7 Rab8 18. Qxc7 Rbc8 19. Qxd7 Rxd7 20. Rxd7 h6 21. b4 Bf8 22. b5 Na5 23. Rxa7 Nxc4 24. Rc1 1-0

[Event "Late-Titled-Tuesday-Blitz-February-13-2024"]
[Site "Chess.com"]
[Date "2024.02.13"]
[Round "3"]
[White "ACollins05"]
[Black "manitodeplomo"]
[Result "0-1"]
[WhiteElo "2448"]
[BlackElo "2642"]
[TimeControl "180+1"]
[EndTime "14:26:14 PST"]
[Termination "manitodeplomo won by checkmate"]

1. d4 g6 2. c4 Bg7 3. Nc3 Nf6 4. e4 O-O 5. h3 d6 6. Bg5 a6 7.
Nf3 c5 8. d5 b5 9. cxb5 axb5 10.
Bxb5 Nxe4 11. Nxe4 Qa5+ 12. Nc3 Bxc3+ 13. bxc3 Qxb5 14.
Qe2 Qxe2+ 15. Kxe2 Ba6+ 16. Kd2 f6 17. Bh6 Re8 18.
Rhb1 Bc4 19. a4 Bxd5 20. Ne1 Nc6 21. Be3 Ra6 22. Nd3 Rea8 23. Nb2 Bxg2 24. h4 Bd5 25. c4 Be6 26. Kc3 Kf7 27. Re1 Rb6 28. Nd3 Rab8 29. Ra3 Na5 30. Nf4 Bxc4 31. h5 e5 32. hxg6+ hxg6 33. Nh3 Rb3+ 34. Rxb3 Rxb3+ 35. Kc2 Bd3+ 36. Kd2 Nc4+ 37.
Kc1 Rb1# 0-1

[Event "Late-Titled-Tuesday-Blitz-February-13-2024"]
[Site "Chess.com"]
[Date "2024.02.13"]
[Round "3"]
[White "ChEsper99"]
[Black "Conejoviejo67"]
[Result "0-1"]
[WhiteElo "2205"]
[BlackElo "2438"]
[TimeControl "180+1"]
[EndTime "14:26:14 PST"]
[Termination "Conejoviejo67 won on time"]

1. d4 f5 2. g3 Nf6 3. Bg2 d5 4. c4 e6 5. Nf3 c6 6. O-O Bd6 7. b3 Qe7 8. a4 Nbd7 9. Ba3 Ne4 10. Bxd6 Qxd6 11. e3 O-O 12. Nfd2 b6 13. f3 Nef6 14. Nc3 Ba6 15. Re1 e5 16. Rc1 Rad8 17.
cxd5 Nxd5 18. Nxd5 cxd5 19. Nb1 e4 20. f4 Rc8 21.
Bf1 Bxf1 22. Rxf1 Qb4 23. Nd2 h6 24. Kg2 Nf6 25. h3 Rc3 26. Rxc3 Qxc3 27. Qc1 Qxe3 28. Re1 Qxd4 29. Nf1 Qc5 30. Rd1 g6 31. Ne3 Rd8 0-1

[Event "Late-Titled-Tuesday-Blitz-February-13-2024"]
[Site "Chess.com"]
[Date "2024.02.13"]
[Round "3"]
[White "jcmesafischer"]
[Black "shirovin"]
[Result "1-0"]
[WhiteElo "2353"]
[BlackElo "2104"]
[TimeControl "180+1"]
[EndTime "14:26:14 PST"]
[Termination "jcmesafischer won by resignation"]

1. e4 c5 2. Nc3 d6 3. g3 Nc6 4. Bg2 g6 5. Nge2 Bg7 6. d3 e6 7. h3 Nge7 8. O-O O-O 9. f4 Rb8 10.
g4 f5 11. Be3 Nd4 12. Qd2 b5 13. Nd1 b4 14. c3 bxc3 15. bxc3 Nxe2+ 16. Qxe2 Ba6 17. exf5 exf5 18. Rc1 Bb7 19. Bf2 Bxg2 20. Kxg2 Qd7 21. Bh4 Nd5 22. Qf3 Qb7 23. a3 Rfe8 24. Kg1 Re6 25. Rf2 Qb3 26. Rb2 Qxb2 27. Nxb2 Rxb2 28.
Qxd5 1-0

[Event "Late-Titled-Tuesday-Blitz-February-13-2024"]
[Site "Chess.com"]
[Date "2024.02.13"]
[Round "3"]
[White "Bryanl106"]
[Black "temus_galaktionov"]
[Result "0-1"]
[WhiteElo "2519"]
[BlackElo "2897"]
[TimeControl "180+1"]
[EndTime "14:26:16 PST"]
[Termination "temus_galaktionov won by checkmate"]

1. e4 c6 2. Nf3 g6 3. d4 d6 4. c4 Bg7 5. Nc3 Nd7 6. Be2 e5 7.
O-O Ngf6 8. Re1 O-O 9. h3 Re8 10. Bf1 a5 11. Bg5 exd4 12. Nxd4 Nc5 13. Bh4 a4 14. Rc1 Qa5 15. f3 Nfd7 16. Bf2 Nb6 17. Nc2 Rd8 18. Bd4 Bh6 19. Be3 Bg7 20. Bd4 f6 21. b4 axb3 22. axb3 Nxb3 23. Rb1 Nxd4 24. Qxd4 Nd7 25. Ra1 f5 26. e5 Bxe5 27. Rxe5 dxe5 28. Qe3 Qxa1 29. Nxa1 Rxa1 30. Kf2 Re8 31. c5 Ra5 32.
Bc4+ Kg7 33. h4 Rxc5 34. Bb3 f4 35. Qd2 Nf6 36. Ne2 Bf5 37. Qd6 Rb5 38. Bc4 Rb2 39.
Kg1 b5 40. Bd3 Bxd3 41. Qxd3 Re7 42. Qd6 Kf7 43. Nc3 b4 44. Na4 Rb1+ 45. Kh2 e4 46.
fxe4 Ng4+ 47. Kh3 Nf2+ 48. Kh2 Rh1# 0-1

[Event "Late-Titled-Tuesday-Blitz-February-13-2024"]
[Site "Chess.com"]
[Date "2024.02.13"]
[Round "3"]
[White "Walter_White_Poland"]
[Black "MessiKingdom"]
[Result "0-1"]
[WhiteElo "2436"]
[BlackElo "2634"]
[TimeControl "180+1"]
[EndTime "14:26:16 PST"]
[Termination "MessiKingdom won by resignation"]

1. d4 Nf6 2. Bf4 d5 3. e3 Bf5 4. Nd2 e6 5. Ngf3 c5 6. c3 Qb6 7.
Qb3 c4 8. Qxb6 axb6 9. a3 b5 10. Rc1 Nc6 11. Be2 h6 12. h3 Nd7 13. Bd1 Nb6 14. Bc2 Bxc2 15. Rxc2 b4 16. Bc7 b3 17. Rc1 Na4 18. Rb1 Bxa3 19. bxa3 Nxc3 20. O-O Kd7 21. Bg3 Rxa3 22. e4 b5 23. exd5 exd5 24. Ne5+ Nxe5 25. Bxe5 f6 26. Bf4 Nxb1 27. Rxb1 Re8 28. Kf1 Kc6 29. Be3 Ra2 30. Ke1 Rea8 31. Kd1 Ra1 32. Kc1 b4 33. g3 R8a2 34. Rxa1 b2+ 0-1

[Event "Late-Titled-Tuesday-Blitz-February-13-2024"]
[Site "Chess.com"]
[Date "2024.02.13"]
[Round "3"]
[White "Zhigalko_Sergei"]
[Black "dawid498"]
[Result "1-0"]
[WhiteElo "2930"]
[BlackElo "2691"]
[TimeControl "180+1"]
[EndTime "14:26:19 PST"]
[Termination "Zhigalko_Sergei won on time"]

1. e4 c5 2. Nf3 e6 3. c3 d5 4. e5 d4 5. Bd3 Bd7 6. O-O Bc6 7. Re1 g5 8. b4 g4 9. b5 Bd7 10. cxd4 gxf3 11. Qxf3 Bc8 12. Nc3 Nd7 13. d5 Bg7 14. Qg3 Kf8 15. Bb2 Ne7 16. dxe6 fxe6 17. Re3 Ng6 18.
Rae1 Qh4 19. Qf3+ Kg8 20. g3 Qe7 21. Qh5 Ndf8 22. Ne4 Bd7 23. Rf3 Be8 24. Nf6+ Bxf6 25. exf6 Qf7 26. Qh6 e5 27. Bc4 1-0